 Dungeon Crawl Stone Soup version 0.30-a0-782-ge64f9170bb (webtiles) character file.

Game seed: 10567237226899917270

68 112233 the Ducker (level 4, 0/51 HPs)
             Began as a Human Wanderer on Feb 28, 2023.
             Succumbed to a scorpion's poison
             ... on level 3 of the Dungeon.
             The game lasted 00:01:54 (1859 turns).

112233 the Ducker (Human Wanderer)                  Turns: 1859, Time: 00:01:55

Health: 0/51       AC:  3    Str: 12    XL:     4   Next: 41%
Magic:  16/16      EV: 12    Int: 16    God:
Gold:   118        SH:  0    Dex: 11    Spells: 3/7 levels left

rFire   + . .      SeeInvis .    a - +2 hand axe
rCold   . . .      Faith    .    (no shield)
rNeg    . . .      Spirit   .    d - +0 robe
rPois   .          Reflect  .    (no helmet)
rElec   .          Harm     .    (no cloak)
rCorr   .          Rampage  .    b - +0 pair of gloves
Will    .....                    (no boots) Stlth
                                 (no amulet)
HPRegen 0.28/turn                k - ring of magical power
MPRegen 0.15/turn                l - ring of protection from fire

@: berserking (expiring), lethally poisoned (0 -> -3), very quick
A: no striking features
a: no special abilities


You were on level 3 of the Dungeon.
You visited 1 branch of the dungeon, and saw 3 of its levels.

You collected 118 gold pieces.

Inventory:

Hand Weapons
 a - a +2 hand axe (weapon)
 m - a +0 shortbow
Armour
 b - a +0 pair of gloves (worn)
 d - a +0 robe (worn)
Jewellery
 k - a ring of magical power (left hand)
 l - a ring of protection from fire (right hand)
Scrolls
 f - a scroll of fear {unknown}
 g - 2 scrolls of blinking {unknown}
 j - a scroll of identify {unknown}
 n - a scroll of teleportation {unknown}
 q - a scroll of immolation {unknown}
Potions
 e - 2 potions of haste {unknown}
 h - 2 potions of degeneration {unknown}
 i - a potion of might {unknown}
 o - a potion of heal wounds {unknown}
 p - a potion of curing {unknown}


   Skills:
 + Level 2.5 Fighting
 - Level 3.0 Axes
 + Level 3.4 Dodging
 * Level 2.3 Spellcasting
 + Level 1.9 Ice Magic


You had 3 spell levels left.
You knew the following spells:

 Your Spells              Type           Power      Damage    Failure   Level
a - Freeze                Ice            32%        1d5       9%          1
b - Ozocubu's Armour      Ice            8%         N/A       26%         3

Your spell library contained the following spells:

 Spells                   Type           Power      Damage    Failure   Level


Dungeon Overview and Level Annotations

Branches:
Dungeon (3/15)

Altars:
Trog


Message History

You feel very sick.
The scorpion stings you but does no damage.
The worm bites you!
* * * LOW HITPOINT WARNING * * *
The scorpion closely misses you.
Unknown command.
You slash the worm!
The worm is severely wounded.
You closely miss the scorpion.
* * * LOW HITPOINT WARNING * * *
You feel very sick. The scorpion misses you.
You slash the worm!
You kill the worm!
You closely miss the scorpion.
* * * LOW HITPOINT WARNING * * *
You feel sick. The scorpion closely misses you.
Unknown command.
You hit the scorpion but do no damage.
The scorpion is lightly wounded.
* * * LOW HITPOINT WARNING * * *
You feel sick. The scorpion barely misses you.
You slash the scorpion!
The scorpion is heavily wounded.
* * * LOW HITPOINT WARNING * * *
You feel sick.
You barely miss the scorpion.
The scorpion is heavily wounded.
* * * LOW HITPOINT WARNING * * *
You feel sick. The scorpion barely misses you. x2
You barely miss the scorpion.
The scorpion is heavily wounded.
* * * LOW HITPOINT WARNING * * *
You feel sick.
You barely miss the scorpion.
The scorpion is heavily wounded.
The scorpion barely misses you.
You slash the scorpion!
The scorpion is almost dead.
You die...

#########
###...s...#
#.#..@....#
#.#...♣...#
#.'..♣♣ ..#
######.#...♣ .#
#......#.......#
#.####.#...^...#
#.# #.#########
#.# #.# #.# #.#


You could see a scorpion.

Vanquished Creatures
  An adder (D:2)
  2 worms
  3 dart slugs
  6 endoplasms
  2 hobgoblins (D:1)
  6 kobolds (D:1)
  4 quokkas (D:1)
  6 ball pythons
  5 bats
  3 frilled lizards
  5 goblins
  3 rats
46 creatures vanquished.

Notes
Turn   | Place    | Note
-------+----------+-------------------------------------------
     0 | D:1      | 112233 the Human Wanderer began the quest for the Orb.
     0 | D:1      | 112233 set off with the following items: a +2 hand axe, a
                  | +0 pair of gloves, a potion of berserk rage, a +0 robe; and
                  | the following spell memorised: Freeze; and the following
                  | spells available to memorise: Ozocubu's Armour.
     0 | D:1      | Reached XP level 1. HP: 16/16 MP: 2/2
    89 | D:1      | Reached XP level 2. HP: 22/22 MP: 3/3
   532 | D:1      | Reached XP level 3. HP: 27/27 MP: 5/5
   803 | D:2      | Found a bloodstained altar of Trog.
  1122 | D:2      | Learned a level 3 spell: Ozocubu's Armour
  1241 | D:2      | Reached XP level 4. HP: 31/34 MP: 7/7
  1847 | D:3      | Noticed a scorpion
  1855 | D:3      | HP: 2/51 [poisoned by a scorpion]
  1859 | D:3      | Succumbed to a scorpion's poison

Illustrated notes

Levels and vault maps discovered:
D:1:      mrwooster_arrival_statue_2, layout_loops_ring
D:2:      layout_basic, basic_altar, kennysheep_generic_room_7
D:3:      layout_loops_ring, lemuel_tele_altar, kennysheep_generic_room_8,
          uniq_jessica

Skill      XL: |  1  2  3 |
---------------+----------+-----
Spellcasting   | 2 |  2.3
Fighting       | |  2.5
Axes           | |  3.0
Dodging        | |  3.4
Ice Magic      | |  1.9

Action                     |  1- 3 |  4- 6 || total
---------------------------+-------+-------++-------
  Melee: Hand axe          |    87 |    28 ||   115
   Fire: Shortbow          |     4 |       ||     4
   Cast: Freeze            |    13 |       ||    13
    Use: Potion            |       |     1 ||     1
   Stab: Sleeping          |     1 |       ||     1
 Armour: Robe              |    24 |     4 ||    28
  Dodge: Dodged            |    77 |    17 ||    94

Table legend: (Time is in decaauts)
 A = Elapsed time spent in this place.
 B = Non-inter-level travel time spent in this place.
 C = Inter-level travel time spent in this place.
 D = Time resting spent in this place.
 E = Time spent auto-exploring this place.
 F = Levels seen in this place.
 G = Mean time per level.
                   A        B        C        D        E       F      G
               +--------+--------+--------+--------+--------+-----+--------+
         Total |   1872 |   1814 |     58 |      0 |   1497 |   3 |  624.0 |
       Dungeon |   1872 |   1814 |     58 |      0 |   1497 |   3 |  624.0 |
               +--------+--------+--------+--------+--------+-----+--------+

Top non-repeatable levels by time:
     D:2: 995 daAuts
     D:1: 809 daAuts
     D:3: 68 daAuts
